Map: Orbital Shipyard

Players

Bop

  • Race: Protoss Protoss

Richman - Winner!

  • Race: Terran Terran

VOD

Have the link to the VOD?

Description

Time

  • Played on: May 7, 2015, 1:59 a.m.
  • Length: 3:19
Show
View Real Time Build Order
Export as new Build Order

Bop Protoss 

Build Orders:  

Get SALT Encoding   

  12  0:00  Probe  
  13  0:13  Pylon  
  13  0:17  Probe  
  14  0:31  Probe (Chrono Boost)  
  15  0:37  Gateway  
  15  0:41  Probe (Chrono Boost)  
  16  0:48  Probe  
  17  0:54  Assimilator  
  17  0:58  Assimilator  
  17  1:00  Probe (Chrono Boost)  
  18  1:09  Pylon  
  19  1:12  Probe (Chrono Boost)  
  19  1:18  Probe (Chrono Boost)  
  20  1:25  Cybernetics Core  
  20  1:30  Probe  
  21  1:42  Probe  
  23  1:54  Probe  
  23  1:56  Pylon  
  25  2:01  Adept (Chrono Boost)  
  25  2:10  Stargate  
  25  2:24  Gateway  
  25  2:28  Adept (Chrono Boost)  
  27  2:47  Mothership Core (Chrono Boost)  
  29  2:55  Adept (Chrono Boost)  
  19  3:05  Probe  
Show
View Real Time Build Order
Export as new Build Order

Richman Terran - Winner!

Build Orders:  

Get SALT Encoding   

  12  0:01  SCV  
  13  0:14  Supply Depot  
  13  0:18  SCV  
  14  0:31  SCV  
  15  0:42  Barracks  
  16  0:52  Barracks  
  16  0:56  SCV  
  16  1:08  Barracks  
  16  1:13  SCV  
  17  1:29  Orbital Command, Marine  
  18  1:38  Supply Depot, Marine  
  19  1:47  Marine  
  20  1:55  Marine  
  20  1:56  Marine  
  20  1:57  SCV  
  23  2:04  Marine  
  24  2:09  SCV  
  24  2:13  Marine  
  24  2:14  Marine  
  27  2:21  SCV  
  28  2:24  Marine  
  29  2:31  Marine  
  29  2:34  Marine  
  30  2:42  Marine  
  31  2:52  Supply Depot  
Tags
 
Add a new tag
Caveats
  • Supply blocks, unpowered buildings, or Contaminate may cause inaccurate times.
  • Supply counts are checked every 10 seconds.